 Dungeon Crawl Stone Soup version 0.28-a0-631-g0446da8ef9 (webtiles) character file.

Game seed: 12233158399166071947

100 MacCMillion the Magician (level 5, -4/38 HPs)
             Began as a Djinni Conjurer on Oct 10, 2021.
             Killed by divine providence
             ... invoked by an orc priest
              (12 damage)
             ... on level 3 of the Dungeon.
             The game lasted 00:10:52 (3486 turns).

MacCMillion the Magician (Djinni Conjurer)          Turns: 3486, Time: 00:10:52

Health: -4/38      AC:  3    Str:  6    XL:     5   Next: 3%
Gold:   106        EV: 12    Int: 21    God:
                   SH:  0    Dex: 11

rFire   + + .      SeeInvis .   r - +1 short sword (freeze)
rCold   . . .      Faith    .   (no shield)
rNeg    . . .      Spirit   .   a - +0 robe
rPois   ∞          Reflect  .   (no helmet)
rElec   .          Harm     .   l - +0 cloak
rCorr   .          Rampage  .   (no gloves)
Will    .....                   (boots unavailable)
Stlth   ++........              (no amulet)
HPRegen 0.12/turn               g - ring of protection from cold
MPRegen 0.00/turn               (no ring)

@: flying
A: sickness immunity, fire resistance 2, cold vulnerability 1, float, innate
caster, hp casting, extra vitality 1
a: no special abilities


You were on level 3 of the Dungeon.
You visited 1 branch of the dungeon, and saw 4 of its levels.

You collected 106 gold pieces.

Inventory:

Hand Weapons
 h - a +0 dagger
 k - a +0 dagger of protection
 r - a +1 short sword of freezing (weapon)
Armour
 a - a +0 robe (worn)
 i - a +0 ring mail of poison resistance
 l - a +0 cloak (worn)
Jewellery
 g - a ring of protection from cold (left hand)
Scrolls
 b - a scroll of fog {unknown}
 d - 3 scrolls of vulnerability {unknown}
 f - 2 scrolls of magic mapping {unknown}
 j - 3 scrolls of identify {unknown}
 n - a scroll of enchant weapon {unknown}
 o - a scroll of teleportation {unknown}
 p - a scroll of acquirement {unknown}
Potions
 c - 7 potions of curing {unknown}
 e - 2 potions of lignification {unknown}
 m - a potion of cancellation {unknown}
 q - a potion of resistance {unknown}
 s - a potion of flight {unknown}


   Skills:
 + Level 2.2 Fighting
 + Level 3.4 Dodging
 - Level 1.5 Stealth
 + Level 3.8 Spellcasting


You couldn't memorise any spells.
You knew the following spells:

 Your Spells              Type           Power      Damage    Failure   Level
a - Magic Dart            Conj           80%        1d7       2%          1
b - Searing Ray           Conj           40%        2d5       3%          2
c - Dazzling Flash        Conj/Hex       40%        N/A       8%          3
d - Fulminant Prism       Conj/Hex       10%        3d9       26%         4
e - Iskenderun's Mystic   Conj/Tloc      20%        2d6       26%         4
f - Pain                  Necr           80%        1d8       2%          1
g - Corpse Rot            Necr/Air       N/A        N/A       3%          2
Your spell library was empty.

Dungeon Overview and Level Annotations

Branches:
Dungeon (4/15)
 Temple: D:4-7

Altars:
Elyvilon
Trog


Innate Abilities, Weirdness & Mutations

You are immune to sickness and miasma.
You are immune to poison.
Your flesh is very heat resistant. (rF++)
You are vulnerable to cold. (rC-)
You float through the air rather than walking.
You learn spells naturally, not from books.
Your magical power is your life essence.
You have superior vitality. (+4 HP)


Message History

Things that are here:
a +0 flail; an orc corpse
There is an open door here.
You see here a +0 ring mail.
You reach down and open the door.
There is an open door here.
HP restored.
There is an open door here.
There is an open door here.
There is a large open door here.
There is a large open door here.
The orc priest shouts!
The orc priest calls down the wrath of Beogh upon you.
Beogh smites you!
The magic dart hits the orc priest.
The orc priest is lightly wounded.
The orc priest begins to cast a cantrip, but forgets the words!
Casting: Magic Dart (safe; 2% risk of failure)
Confirm with . or Enter, or press ? or * to list all spells.
You don't know that spell.
Unknown command.
The magic dart hits the orc priest.
The orc priest is moderately wounded.
The magic dart hits the orc priest.
The orc priest is moderately wounded.
The orc priest mumbles some strange prayers to Beogh against you.
Beogh smites you!
* * * LOW HITPOINT WARNING * * *
You are too injured to fight recklessly!
Aiming: Magic Dart (safe; 2% risk of failure)
Press: ? - help, Q - select action, (/) - cycle Shift-Dir - straight line, f/p - orc priest
Aim: an orc priest, wielding a +0 war axe (moderately wounded, 100% to hit)
The magic dart hits the orc priest!
The orc priest is severely wounded.
* * * LOW HITPOINT WARNING * * *
You barely miss the orc priest.
The orc priest is severely wounded.
The orc priest invokes the aid of Beogh against you.
Beogh smites you!
You die...

..#........'.....#######.#
..##.......#####.# #.#
###'.......# #.# #.# #
##.......#####.#######.#
####.......##....#.......##
...'.......''....+.>......#
####.......##....#..#####.#
#.......##....#..# #.#######
#.......##...@o..# #.#......
##########.......#####.....###
#....................
#.......##......#####
#....#..##......'....
######).##......#####
#..##......# ##.##......#
#.##......#


You could see an orc priest.

Vanquished Creatures
  An orc priest (D:3)
  An adder (D:2)
  A worm (D:3)
  4 orcs (D:3)
  5 ball pythons
  3 bats (D:1)
  2 endoplasms (D:1)
  A giant cockroach (D:1)
  2 goblins (D:1)
  5 hobgoblins
  8 jackals
  5 kobolds
  2 quokkas (D:2)
  5 frilled lizards
  5 rats
50 creatures vanquished.

Notes
Turn   | Place    | Note
-------+----------+-------------------------------------------
     0 | D:1      | MacCMillion the Djinni Conjurer began the quest for the
                  | Orb.
     0 | D:1      | Reached XP level 1. HP: 15/15 MP: 0/0
   343 | D:1      | Reached XP level 2. HP: 20/22 MP: 0/0
   528 | D:1      | Reached skill level 1 in Fighting
   808 | D:1      | Reached XP level 3. HP: 24/27 MP: 0/0
   808 | D:1      | Learned a level 1 spell: Pain
  2143 | D:2      | Reached XP level 4. HP: 28/33 MP: 0/0
  2657 | D:3      | Found a bloodstained altar of Trog.
  2890 | D:3      | Found a white marble altar of Elyvilon.
  3211 | D:3      | Reached XP level 5. HP: 36/38 MP: 0/0
  3211 | D:3      | Learned a level 2 spell: Corpse Rot
  3486 | D:3      | Killed from afar by an orc priest

Illustrated notes

Levels and vault maps discovered:
D:1:      dpeg_arrival_ternary, layout_basic, st_stairs_12
D:2:      layout_loops_ring
D:3:      layout_basic, mainiacjoe_overflow_brackets,
          mainiacjoe_overflow_24_doors
D:4:      layout_rooms, grunt_temple_overflow_open,
          minmay_temple_entry_butterflies, serial_shops, nicolae_shop_waterfront

Skill      XL: |  1  2  3  4 |
---------------+-------------+-----
Fighting       | 1 2 |  2.2
Dodging        | 3 |  3.4
Stealth        | |  1.5
Spellcasting   | |  3.8

Action                   |  1- 3 |  4- 6 || total
-------------------------+-------+-------++-------
Melee: Dagger            |     6 |     1 ||     7
       Short sword       |       |     1 ||     1
 Cast: Magic Dart        |    72 |    44 ||   116
       Searing Ray       |     2 |       ||     2
 Stab: Sleeping          |       |     1 ||     1
Armor: Robe              |     8 |       ||     8
Dodge: Dodged            |    12 |     1 ||    13

Table legend: (Time is in decaauts)
 A = Elapsed time spent in this place.
 B = Non-inter-level travel time spent in this place.
 C = Inter-level travel time spent in this place.
 D = Time resting spent in this place.
 E = Time spent auto-exploring this place.
 F = Levels seen in this place.
 G = Mean time per level.
                   A        B        C        D        E       F      G
               +--------+--------+--------+--------+--------+-----+--------+
         Total |   3484 |   3361 |    123 |   1053 |   1855 |   4 |  871.0 |
       Dungeon |   3484 |   3361 |    123 |   1053 |   1855 |   4 |  871.0 |
               +--------+--------+--------+--------+--------+-----+--------+

Top non-repeatable levels by time:
     D:1: 1326 daAuts
     D:2: 1264 daAuts
     D:3: 890 daAuts
     D:4: 2 daAuts
